SA
HAMMOND HERONS @ YELLOWKNIFE DRAGONBLOOD
07/13/2031
 
TOP OF THE 1ST
Hammond Herons batting - Pitching for Yellowknife Dragonblood : RHP Kazuchika Okada
Pitching: RHP Kazuchika Okada
Batting: RHB Mike Peoples 0-0: Foul Ball, location: 2F
0-1: Ball
1-1: Foul Ball, location: 2F
1-2: Strikes out swinging
Batting: RHB José Álvarez 0-0: Foul Ball, location: 2F
0-1: Ball
1-1: Ball
2-1: Swinging Strike
2-2: Foul Ball, location: 2F
2-2: Foul Ball, location: 2F
2-2: Ball
3-2: Foul Ball, location: 2F
3-2: Fly out, F9 (Flyball, 9)
Batting: LHB Raymond Dudzinski 0-0: Called Strike
0-1: Ball
1-1: Ball
2-1: Swinging Strike
2-2: Strikes out swinging
Top of the 1st over - 0 runs, 0 hits, 0 errors, 0 left on base; Hammond 0 - Yellowknife 0
BOTTOM OF THE 1ST
Yellowknife Dragonblood batting - Pitching for Hammond Herons : RHP Melvin O'Herlihy
Pitching: RHP Melvin O'Herlihy
Batting: SHB Miklos Elias 0-0: Reached on error, E3 (Groundball, 34)
Batting: SHB Lai-hsiang Loh 0-0: Called Strike
Throwing error on steal attempt, E2
Miklos Elias scores
0-1: Foul Ball, location: 2F
0-2: Foul Ball, location: 2F
0-2: Ball
1-2: Ball
2-2: Strikes out swinging
Batting: RHB Craig Greene 0-0: Ball
1-0: Ball
2-0: Ball
3-0: Called Strike
3-1: Foul Ball, location: 2F
3-2: Foul Ball, location: 2F
3-2: Foul Ball, location: 2F
3-2: Fly out, F8 (Line Drive, 8LD)
Batting: LHB Takahiro Suzuki 0-0: Called Strike
0-1: Foul Ball, location: 2F
0-2: Ball
1-2: Foul Ball, location: 2F
1-2: Ball
2-2: Ground out 5-3 (Groundball, 5)
Bottom of the 1st over - 1 run, 0 hits, 2 errors, 0 left on base; Hammond 0 - Yellowknife 1
TOP OF THE 2ND
Hammond Herons batting - Pitching for Yellowknife Dragonblood : RHP Kazuchika Okada
Batting: RHB Dallas Jiménez 0-0: Foul Ball, location: 2F
0-1: Ball
1-1: Foul Ball, location: 2F
1-2: Ball
2-2: Foul Ball, location: 2F
2-2: Fly out, F7 (Flyball, 78D)
Batting: RHB Rob Brooks 0-0: Ball
1-0: Swinging Strike
1-1: Foul Ball, location: 2F
1-2: Strikes out swinging
Pitching: LHP Tony Torres
Batting: RHB Tonito Lamoste 0-0: SINGLE (Groundball, 6S) (infield hit)
Batting: RHB Sean Sherman 0-0: Ball
1-0: Fly out, F4 (Popup, 4)
Top of the 2nd over - 0 runs, 1 hit, 0 errors, 1 left on base; Hammond 0 - Yellowknife 1
BOTTOM OF THE 2ND
Yellowknife Dragonblood batting - Pitching for Hammond Herons : RHP Melvin O'Herlihy
Batting: RHB Orlando Moruga 0-0: Ball
1-0: Fly out, F8 (Flyball, 8RM)
Batting: SHB Gerrie Bond 0-0: Ground out 5-3 (Groundball, 56)
Batting: RHB Bill Boyd 0-0: Ground out 6-3 (Groundball, 56)
Bottom of the 2nd over - 0 runs, 0 hits, 0 errors, 0 left on base; Hammond 0 - Yellowknife 1
TOP OF THE 3RD
Hammond Herons batting - Pitching for Yellowknife Dragonblood : LHP Tony Torres
Batting: RHB Marvin Overbeek 0-0: Fly out, F8 (Flyball, 8LD)
Batting: RHB Ju-wei Huang 0-0: SINGLE (Line Drive, 34D)
Batting: RHB Mike Peoples 0-0: Foul Ball, location: 2F
0-1: Ball
1-1: SINGLE (Groundball, 6MD)
Ju-wei Huang to second
Batting: RHB José Álvarez 0-0: Ball
Wild Pitch!
Ju-wei Huang to third
Mike Peoples to second
1-0: Ball
2-0: Foul Ball, location: 2F
2-1: Swinging Strike
2-2: Strikes out swinging
Batting: LHB Raymond Dudzinski 0-0: Ball
1-0: Foul Ball, location: 2F
1-1: Foul Ball, location: 2F
1-2: Strikes out swinging
Top of the 3rd over - 0 runs, 2 hits, 0 errors, 2 left on base; Hammond 0 - Yellowknife 1
BOTTOM OF THE 3RD
Yellowknife Dragonblood batting - Pitching for Hammond Herons : RHP Melvin O'Herlihy
Batting: SHB José García 0-0: Called Strike
0-1: Ball
1-1: SINGLE (Line Drive, 5L)
Batting: RHB Fernando González 0-0: Ball
1-0: SINGLE (Groundball, 4MD)
José García to second
Batting: SHB Miklos Elias 0-0: Swinging Strike
0-1: Called Strike
0-2: Foul Ball, location: 2F
0-2: Ball
1-2: Ball
2-2: Strikes out swinging
Batting: SHB Lai-hsiang Loh 0-0: Swinging Strike
0-1: Foul Ball, location: 2F
0-2: Foul Ball, location: 2F
0-2: Foul Ball, location: 2F
0-2: Fielders Choice at 2nd, 4-6 (Groundball, 4)
José García to third
Batting: RHB Craig Greene 0-0: Ball
1-0: SINGLE (Line Drive, 78M)
José García scores
Lai-hsiang Loh to second
Batting: LHB Takahiro Suzuki 0-0: Ball
Craig Greene steals 2nd base
Lai-hsiang Loh to third
1-0: SINGLE (Groundball, 4MD)
Lai-hsiang Loh scores
Craig Greene to third
Runner from 3rd tries for Home, SAFE, throw made home
Batting: RHB Orlando Moruga 0-0: Ball
1-0: Called Strike
Takahiro Suzuki steals 2nd base
1-1: SINGLE (Flyball, 7LM)
Takahiro Suzuki to third
Runner from 3rd tries for Home, SAFE, no throw
Batting: SHB Gerrie Bond 0-0: Reached on error, E6 (Groundball, 6)
Orlando Moruga to second
Batting: RHB Bill Boyd 0-0: Swinging Strike
0-1: Ball
1-1: Swinging Strike
1-2: Ball
2-2: Foul Ball, location: 2F
2-2: Foul Ball, location: 2F
2-2: Ball
3-2: Strikes out swinging
Bottom of the 3rd over - 4 runs, 5 hits, 1 error, 2 left on base; Hammond 0 - Yellowknife 5
TOP OF THE 4TH
Hammond Herons batting - Pitching for Yellowknife Dragonblood : LHP Tony Torres
Batting: RHB Dallas Jiménez 0-0: Ball
1-0: Called Strike
1-1: Called Strike
1-2: Strikes out swinging
Batting: RHB Rob Brooks 0-0: Ground out 6-3 (Groundball, 6)
Batting: RHB Tonito Lamoste 0-0: Ball
1-0: Ball
2-0: Called Strike
2-1: Foul Ball, location: 2F
2-2: Strikes out swinging
Top of the 4th over - 0 runs, 0 hits, 0 errors, 0 left on base; Hammond 0 - Yellowknife 5
BOTTOM OF THE 4TH
Yellowknife Dragonblood batting - Pitching for Hammond Herons : RHP Melvin O'Herlihy
Batting: SHB José García 0-0: Foul Ball, location: 2F
0-1: Fly out, F8 (Flyball, 8LM)
Batting: RHB Fernando González 0-0: SINGLE (Flyball, 78M)
Batting: SHB Miklos Elias 0-0: Ball
1-0: Ball
2-0: Foul Ball, location: 2F
2-1: Foul Ball, location: 2F
2-2: Ball
3-2: Ground out 4-3 (Groundball, 4S)
Fernando González to second
Batting: SHB Lai-hsiang Loh 0-0: Foul Ball, location: 2F
0-1: Foul Ball, location: 2F
0-2: Foul Ball, location: 2F
0-2: Strikes out swinging
Bottom of the 4th over - 0 runs, 1 hit, 0 errors, 1 left on base; Hammond 0 - Yellowknife 5
TOP OF THE 5TH
Hammond Herons batting - Pitching for Yellowknife Dragonblood : LHP Tony Torres
Batting: RHB Sean Sherman 0-0: Ball
1-0: Ball
2-0: Ball
3-0: Called Strike
3-1: Base on Balls
Batting: RHB Marvin Overbeek 0-0: Hit by Pitch
Sean Sherman to second
Batting: RHB Ju-wei Huang 0-0: Ball
1-0: Called Strike
1-1: Ball
2-1: Ball
3-1: Swinging Strike
3-2: Base on Balls
Sean Sherman to third
Marvin Overbeek to second
Batting: RHB Mike Peoples 0-0: Fielders Choice at 2nd, 4-6 (Groundball, 4)
Sean Sherman scores
Marvin Overbeek to third
Batting: RHB José Álvarez 0-0: Grounds into double play, 6-4-3 (Groundball, 6)
Top of the 5th over - 1 run, 0 hits, 0 errors, 1 left on base; Hammond 1 - Yellowknife 5
BOTTOM OF THE 5TH
Yellowknife Dragonblood batting - Pitching for Hammond Herons : RHP Melvin O'Herlihy
Batting: RHB Craig Greene 0-0: Called Strike
0-1: Called Strike
0-2: Strikes out looking
Batting: LHB Takahiro Suzuki 0-0: Ground out U3 (Groundball, 34)
Batting: RHB Orlando Moruga 0-0: Ball
1-0: Fly out, F9 (Flyball, 9LM)
Bottom of the 5th over - 0 runs, 0 hits, 0 errors, 0 left on base; Hammond 1 - Yellowknife 5
TOP OF THE 6TH
Hammond Herons batting - Pitching for Yellowknife Dragonblood : LHP Tony Torres
Batting: LHB Raymond Dudzinski 0-0: Foul Ball, location: 2F
0-1: Ball
1-1: Called Strike
1-2: Ball
2-2: Ball
3-2: Strikes out swinging
Batting: RHB Dallas Jiménez 0-0: Ball
1-0: Swinging Strike
1-1: Foul Ball, location: 2F
1-2: Foul Ball, location: 2F
1-2: Strikes out swinging
Batting: RHB Rob Brooks 0-0: Called Strike
0-1: Ball
1-1: Fly out, F7 (Flyball, 78S)
Top of the 6th over - 0 runs, 0 hits, 0 errors, 0 left on base; Hammond 1 - Yellowknife 5
BOTTOM OF THE 6TH
Yellowknife Dragonblood batting - Pitching for Hammond Herons : RHP Melvin O'Herlihy
Batting: SHB Gerrie Bond 0-0: Foul Ball, location: 2F
0-1: Called Strike
0-2: Fly out, F7 (Flyball, 7)
Batting: RHB Bill Boyd 0-0: Called Strike
0-1: Called Strike
0-2: Ball
1-2: Ground out 5-3 (Groundball, 56)
Batting: SHB José García 0-0: Called Strike
0-1: Ball
1-1: Ball
2-1: SINGLE (Groundball, 6MD)
Batting: RHB Fernando González 0-0: Called Strike
0-1: Ball
1-1: Foul Ball, location: 2F
1-2: Ball
2-2: Fly out, F8 (Flyball, 8LM)
Bottom of the 6th over - 0 runs, 1 hit, 0 errors, 1 left on base; Hammond 1 - Yellowknife 5
TOP OF THE 7TH
Hammond Herons batting - Pitching for Yellowknife Dragonblood : LHP Tony Torres
Batting: RHB Tonito Lamoste 0-0: Called Strike
0-1: Swinging Strike
0-2: Ball
1-2: Ball
2-2: Fly out, F7 (Flyball, 7)
Batting: RHB Sean Sherman 0-0: Foul Ball, location: 2F
0-1: Swinging Strike
0-2: Strikes out looking
Batting: RHB Marvin Overbeek 0-0: Ball
1-0: Ball
2-0: Ball
3-0: Base on Balls
Pitching: RHP Wilson Valenzuela
Batting: RHB Ju-wei Huang 0-0: Foul Ball, location: 2F
0-1: Ball
1-1: SINGLE (Line Drive, 89S)
Marvin Overbeek to second
Runner from 2nd tries for 3rd, SAFE, no throw
Batting: RHB Mike Peoples 0-0: Called Strike
0-1: Swinging Strike
0-2: Hit by Pitch
Ju-wei Huang to second
Batting: RHB José Álvarez 0-0: Called Strike
0-1: Foul Ball, location: 2F
0-2: Ball
1-2: Foul Ball, location: 2F
1-2: Strikes out looking
Top of the 7th over - 0 runs, 1 hit, 0 errors, 3 left on base; Hammond 1 - Yellowknife 5
BOTTOM OF THE 7TH
Yellowknife Dragonblood batting - Pitching for Hammond Herons : RHP Melvin O'Herlihy
Batting: SHB Miklos Elias 0-0: Ground out 4-3 (Groundball, 4M)
Batting: SHB Lai-hsiang Loh 0-0: Ball
1-0: Fly out, F4 (Line Drive, 34D)
Batting: RHB Craig Greene 0-0: Swinging Strike
0-1: Ground out 4-3 (Groundball, 4)
Bottom of the 7th over - 0 runs, 0 hits, 0 errors, 0 left on base; Hammond 1 - Yellowknife 5
TOP OF THE 8TH
Hammond Herons batting - Pitching for Yellowknife Dragonblood : RHP Wilson Valenzuela
Batting: LHB Raymond Dudzinski 0-0: Fly out, F5 (Popup, 5SF)
Batting: RHB Dallas Jiménez 0-0: Swinging Strike
0-1: Ball
1-1: Swinging Strike
1-2: Strikes out swinging
Batting: RHB Rob Brooks 0-0: Fly out, F7 (Line Drive, 7)
Top of the 8th over - 0 runs, 0 hits, 0 errors, 0 left on base; Hammond 1 - Yellowknife 5
BOTTOM OF THE 8TH
Yellowknife Dragonblood batting - Pitching for Hammond Herons : RHP Melvin O'Herlihy
Batting: LHB Takahiro Suzuki 0-0: Ball
1-0: Ball
2-0: Foul Ball, location: 2F
2-1: Called Strike
2-2: Foul Ball, location: 2F
2-2: SINGLE (Groundball, 34D)
Pitching: RHP Sun Kwan
Batting: RHB Orlando Moruga 0-0: Ball
Takahiro Suzuki steals 2nd base
1-0: Called Strike
1-1: Foul Ball, location: 2F
1-2: Ground out 1-3 (Groundball, 13)
Takahiro Suzuki to third
Batting: SHB Gerrie Bond 0-0: Called Strike
0-1: Swinging Strike
0-2: Ball
1-2: Ball
2-2: Strikes out swinging
Batting: RHB Bill Boyd 0-0: Ball
1-0: Ball
2-0: Foul Ball, location: 2F
2-1: Ball
3-1: Base on Balls
Batting: SHB José García 0-0: SINGLE (Groundball, 56D)
Takahiro Suzuki scores
Bill Boyd to second
Batting: RHB Fernando González 0-0: Called Strike
0-1: Foul Ball, location: 2F
0-2: Foul Ball, location: 2F
0-2: Foul Ball, location: 2F
0-2: Ball
1-2: Foul Ball, location: 2F
1-2: Fly out, F8 (Flyball, 8LM)
Bottom of the 8th over - 1 run, 2 hits, 0 errors, 2 left on base; Hammond 1 - Yellowknife 6
TOP OF THE 9TH
Hammond Herons batting - Pitching for Yellowknife Dragonblood : RHP Wilson Valenzuela
Now at 3B: Mitsuhide Bando
Now in LF: Jorge Castillo
Batting: RHB Tonito Lamoste 0-0: Ball
1-0: Swinging Strike
1-1: Swinging Strike
1-2: Foul Ball, location: 2F
1-2: Foul Ball, location: 2F
1-2: Strikes out looking
Batting: RHB Sean Sherman 0-0: Called Strike
0-1: Ball
1-1: Foul Ball, location: 2F
1-2: Ball
2-2: Ball
3-2: Strikes out looking
Batting: RHB Marvin Overbeek 0-0: Ball
1-0: Ball
2-0: Called Strike
2-1: Ball
3-1: Fly out, F4 (Line Drive, 4)
Top of the 9th over - 0 runs, 0 hits, 0 errors, 0 left on base; Hammond 1 - Yellowknife 6
Tuesday, June 12th, 2018 - OOTP Baseball 18.8 Build 76